 Dungeon Crawl Stone Soup version 0.29-a0-322-g68df515428 (webtiles) character file.

Game seed: 15921369129036119874

98 testman the Chiller (level 4, -7/30 HPs)
             Began as a Merfolk Ice Elementalist on Apr 6, 2022.
             Was an Initiate of Gozag.
             Mangled by an orc warrior
             ... wielding a +2 long sword of holy wrath
              (10 damage)
             ... on level 4 of the Dungeon.
             The game lasted 00:06:57 (2309 turns).

testman the Chiller (Merfolk Ice Elementalist)      Turns: 2309, Time: 00:06:58

Health: -7/30      AC:  8    Str:  8    XL:     4   Next: 69%
Magic:  3/9        EV: 16    Int: 16    God:    Gozag
Gold:   262        SH:  0    Dex: 14    Spells: 2/9 levels left

rFire   . . .      SeeInvis .   c - +0 short sword
rCold   . . .      Faith    .   (no shield)
rNeg    . . .      Spirit   .   a - +0 robe
rPois   .          Reflect  .   (no helmet)
rElec   .          Harm     .   (no cloak)
rCorr   .          Rampage  .   (no gloves)
Will    .....                   (no boots)
Stlth   ++........              (no amulet)
HPRegen 0.10/turn               m - +4 ring of evasion
MPRegen 0.11/turn               (no ring)

@: ice-armoured, gold aura, freezing walls
A: (nimble swimmer 2), mertail
a: Renounce Religion, Potion Petition, Call Merchant, Bribe Branch


You were on level 4 of the Dungeon.
You worshipped Gozag.
Gozag was aware of your devotion.
You visited 1 branch of the dungeon, and saw 4 of its levels.

You collected 274 gold pieces.
You paid 12 gold pieces to Gozag.

Inventory:

Hand Weapons
 c - a +0 short sword (weapon)
Missiles
 d - 2 boomerangs
 g - 133 stones
 h - 5 poisoned darts
 q - 4 javelins
Armour
 a - a +0 robe (worn)
Jewellery
 m - a +4 ring of evasion (left hand)
 n - an amulet of reflection
Scrolls
 e - a scroll of summoning {unknown}
 i - 3 scrolls of noise {unknown}
 k - 6 scrolls of identify {unknown}
 l - 2 scrolls of teleportation {unknown}
 p - a scroll of immolation {unknown}
Potions
 b - a potion of magic
 f - a potion of berserk rage {unknown}
 j - 4 potions of curing {unknown}
 o - 2 potions of heal wounds {unknown}
 r - a potion of invisibility {unknown}


   Skills:
 - Level 2.6 Dodging
 - Level 2.1 Stealth
 + Level 3.3 Spellcasting
 + Level 5.5 Ice Magic


You had 2 spell levels left.
You knew the following spells:

 Your Spells              Type           Power      Damage    Failure   Level
a - Freeze                Ice            80%        1d9       1%          1
b - Frozen Ramparts       Ice            40%        1d6       5%          3
c - Ozocubu's Armour      Ice            20%        N/A       5%          3

Your spell library contained the following spells:

 Spells                   Type           Power      Damage    Failure   Level
 Pain                     Necr           8%         1d4       19%         1
 Hailstorm                Conj/Ice       11%        3d5       50%         4
 Agony                    Necr           2%         N/A       99%         5
 Excruciating Wounds      Necr           1%         N/A       99%         5
 Borgnjor's Revivificati  Necr           1%         N/A       100%        8
 Necromutation            Tmut/Necr      1%         N/A       100%        8
 Death's Door             Necr           1%         N/A       100%        9


Dungeon Overview and Level Annotations

Branches:
Dungeon (4/15)
 Temple: D:4-7

Altars:
Gozag
Xom


Innate Abilities, Weirdness & Mutations

((You are very nimble when in or above water. (Stealth+, EV+, Speed+++)))
Your lower body shifts to a powerful aquatic tail in water.


Message History

No target in view!
You now have 247 gold pieces (gained 5).
You see here a +0 club.
You now have 262 gold pieces (gained 15).
Found a stone staircase leading down. 2 orcs come into view.
An orc warrior comes into view.
It is wielding a +2 long sword of holy wrath.
The orc shouts! x2; The orc warrior shouts!
Casting: Freeze (safe; 1% risk of failure)
Confirm with . or Enter, or press ? or * to list all spells.
Casting: Frozen Ramparts (dangerous; 5% risk of failure)
Press: ? - help, Dir - look around, f - activate The walls around you are covered in ice.
The wall freezes the orc.
The orc hits you with a +0 club.
Casting: Frozen Ramparts (dangerous; 5% risk of failure)
Confirm with . or Enter, or press ? or * to list all spells.
A film of ice covers your body!
The wall freezes the orc.
The orc barely misses you.
You barely miss the orc.
The wall freezes the orc.
The orc misses you.
You barely miss the orc warrior.
The wall freezes the orc.
The orc hits you but does no damage.
You hit the orc warrior but do no damage.
The wall freezes the orc.
You kill the orc!
The wall freezes the orc.
You kill the orc!
The wall freezes the orc warrior.
The orc warrior hits you with a +2 long sword of holy wrath!
You are too injured to fight recklessly!
You hit the orc warrior.
The orc warrior is lightly wounded.
The wall freezes the orc warrior.
The orc warrior hits you with a +2 long sword of holy wrath!
* * * LOW HITPOINT WARNING * * *
You hit the orc warrior but do no damage.
The orc warrior is moderately wounded.
The wall freezes the orc warrior.
The orc warrior hits you with a +2 long sword of holy wrath!
You die...
Your body crumbles into a pile of gold.

#.# # #.#
#+# # #.#
# #.###
#>#.##
#....####
#.......+
#$o$.# #@#
##.####
#.....#
#.....#
#+#
#.....#
#.#
#.....#
######.###
#.....#
#........#
##....#
#.###....#
#..#.#
#.##.....#


You could see an orc warrior.

Vanquished Creatures
  A hound (D:2)
  2 adders (D:2)
  3 dart slugs
  3 orcs
  4 ball pythons
  3 endoplasms
  A giant cockroach (D:4)
  3 goblins
  4 hobgoblins
  2 quokkas (D:2)
  2 bats (D:3)
  3 frilled lizards
  7 kobolds
  A rat (D:2)
39 creatures vanquished.

Notes
Turn   | Place    | Note
-------+----------+-------------------------------------------
     0 | D:1      | testman the Merfolk Ice Elementalist began the quest for
                  | the Orb.
     0 | D:1      | Reached XP level 1. HP: 13/13 MP: 3/3
   117 | D:1      | Reached XP level 2. HP: 19/19 MP: 1/5
   713 | D:2      | Found an opulent altar of Gozag.
   727 | D:2      | Became a worshipper of Gozag Ym Sagoz the Greedy
   888 | D:2      | Reached skill level 5 in Ice Magic
   888 | D:2      | Reached XP level 3. HP: 21/24 MP: 4/7
   950 | D:2      | Learned a level 3 spell: Frozen Ramparts
   954 | D:2      | Learned a level 3 spell: Ozocubu's Armour
  1202 | D:2      | Reached XP level 4. HP: 28/30 MP: 1/8
  1362 | D:3      | Found a shimmering altar of Xom.
  1994 | D:3      | Found a faded altar of an unknown god.
  2302 | D:4      | Noticed an orc warrior
  2309 | D:4      | Mangled by an orc warrior

Illustrated notes

Levels and vault maps discovered:
D:1:      amcnicky_arrival_choice, layout_rooms
D:2:      layout_rooms, basic_altar
D:3:      layout_loops_ring, mainiacjoe_overflow_tiny_flanked,
          ebering_ecumenical_altar_box, minivault_14, columned_hall_lemuel,
          hangedman_decor_opposing
D:4:      layout_loops_corners, minmay_gold_behind_fungi

Skill      XL: |  1  2  3 |
---------------+----------+-----
Ice Magic      | 5 |  5.5
Spellcasting   | 3 |  3.3
Dodging        | |  2.6
Stealth        | |  2.1

Action                   |  1- 3 |  4- 6 || total
-------------------------+-------+-------++-------
Melee: Short sword       |    40 |    46 ||    86
       Unarmed           |     1 |       ||     1
       Punch             |     1 |     1 ||     2
 Cast: Freeze            |    18 |     1 ||    19
       Ozocubu's Armour  |     1 |     1 ||     2
       Frozen Ramparts   |     1 |     1 ||     2
 Stab: Sleeping          |     2 |     2 ||     4
Armor: Robe              |    11 |    10 ||    21
Dodge: Dodged            |    35 |    35 ||    70

Table legend: (Time is in decaauts)
 A = Elapsed time spent in this place.
 B = Non-inter-level travel time spent in this place.
 C = Inter-level travel time spent in this place.
 D = Time resting spent in this place.
 E = Time spent auto-exploring this place.
 F = Levels seen in this place.
 G = Mean time per level.
                   A        B        C        D        E       F      G
               +--------+--------+--------+--------+--------+-----+--------+
         Total |   2311 |   2147 |    164 |    167 |   1643 |   4 |  577.8 |
       Dungeon |   2311 |   2147 |    164 |    167 |   1643 |   4 |  577.8 |
               +--------+--------+--------+--------+--------+-----+--------+

Top non-repeatable levels by time:
     D:3: 789 daAuts
     D:2: 698 daAuts
     D:1: 662 daAuts
     D:4: 160 daAuts
